Map: Divergence CE

Players

rusRAMETS

  • Race: Protoss Protoss
  • League: Gold
  • Spawn Location: 5:00

rusGRAF

  • Race: Terran Terran
  • Spawn Location: 5:00

Ekelpack - Winner!

  • Race: Zerg Zerg
  • Spawn Location: 11:00

Nyck - Winner!

  • Race: Terran Terran
  • League: Silver
  • Spawn Location: 11:00

VOD

Have the link to the VOD?

Description

Time

  • Played on: Oct. 23, 2024, 1:30 p.m.
  • Length: 11:47
Show
View Real Time Build Order
Export as new Build Order

rusRAMETS Protoss 

Build Orders:  

Get SALT Encoding   

  12  0:03  Probe (Chrono Boost)  
  13  0:19  Pylon  
  13  0:21  Probe (Chrono Boost)  
  14  0:41  Probe  
  15  0:51  Gateway  
  15  0:53  Forge  
  15  0:57  Probe  
  15  1:03  Assimilator  
  16  1:09  Assimilator, Probe  
  17  1:21  Probe (Chrono Boost)  
  18  1:32  Probe (Chrono Boost)  
  19  1:36  Probe (Chrono Boost)  
  20  1:47  Probe  
  20  1:50  Cybernetics Core  
  20  1:51  Pylon  
  21  1:59  Pylon  
  21  2:00  Probe  
  22  2:10  Photon Cannon  
  22  2:15  Probe (Chrono Boost)  
  23  2:32  Photon Cannon  
  23  2:35  Shield Battery  
  23  2:59  Nexus  
  23  3:08  Probe  
  24  3:20  Probe  
  25  3:33  Probe, Stargate  
  26  3:37  Stargate  
  26  3:40  Assimilator  
  26  3:42  Assimilator  
  26  3:45  Probe  
  27  3:56  Protoss Shields Level 1  
  27  3:57  Probe  
  28  4:03  Protoss Air Weapons Level 1  
  29  4:10  Pylon, Probe (Chrono Boost)  
  29  4:13  Probe (Chrono Boost)  
  30  4:21  Probe (Chrono Boost)  
  31  4:29  Void Ray (Chrono Boost)  
  39  4:46  Void Ray (Chrono Boost)  
  39  4:48  Probe x2  
  41  5:00  Probe x2  
  41  5:02  Pylon  
  43  5:12  Probe x2  
  49  5:23  Void Ray (Chrono Boost)  
  49  5:24  Probe x2  
  55  5:31  Void Ray (Chrono Boost)  
  55  5:36  Probe  
  55  5:37  Probe  
  57  5:48  Probe  
  57  5:49  Phoenix, Probe  
  61  5:59  Phoenix  
  61  6:01  Probe x2  
  61  6:03  Photon Cannon  
  65  6:14  Phoenix  
  67  6:24  Phoenix  
  69  6:28  Stargate  
  69  6:47  Pylon  
  69  6:50  Pylon  
  69  7:02  Fleet Beacon, Nexus  
  69  7:05  Assimilator, Probe x2, Phoenix x2  
  75  7:09  Assimilator  
  75  7:18  Phoenix  
  77  7:30  Phoenix x2  
  81  8:07  Probe  
  81  8:08  Probe  
  83  8:13  Carrier x2  
  83  8:18  Protoss Air Weapons Level 2 (Chrono Boost)  
  96  8:20  Probe  
  96  8:28  Tempest  
  96  8:29  Pylon  
  96  8:31  Anion Pulse-Crystals  
  96  8:33  Pylon  
  101  8:37  Pylon  
  101  8:40  Pylon  
  101  8:46  Pylon  
  101  8:47  Probe x3  
  104  8:59  Cybernetics Core, Probe x3  
  107  9:04  Twilight Council  
  107  9:08  Gateway  
  107  9:13  Carrier  
  113  9:24  Tempest  
  118  9:26  Probe x2  
  118  9:27  Probe  
  121  9:35  Flux Vanes  
  121  9:38  Probe x2  
  121  9:43  Photon Cannon  
  123  9:46  Photon Cannon  
  123  9:50  Photon Cannon  
  123  9:55  Photon Cannon  
  123  9:57  Photon Cannon  
  24  11:33  Forge  
  24  11:35  Gateway  
  24  11:41  Shield Battery  
Show
View Real Time Build Order
Export as new Build Order

rusGRAF Terran 

Build Orders: Command Center First 

Get SALT Encoding   

  12  0:00  SCV  
  13  0:12  SCV  
  14  0:20  Supply Depot  
  14  0:24  SCV  
  15  0:41  SCV  
  16  0:53  SCV  
  17  1:02  Command Center  
  17  1:06  SCV  
  18  1:14  Barracks  
  18  1:22  SCV  
  19  1:26  Refinery  
  19  1:30  Refinery  
  19  1:34  SCV  
  20  1:46  SCV  
  21  1:58  SCV  
  22  2:11  Orbital Command  
  22  2:14  Factory  
  22  2:19  SCV  
  22  2:20  Barracks Tech Lab  
  23  2:27  Refinery  
  23  2:31  SCV  
  24  2:38  SCV  
  24  2:43  SCV  
  26  2:50  SCV  
  26  2:51  Barracks Tech Lab  
  27  2:53  Marine  
  28  3:02  SCV  
  28  3:05  Starport  
  28  3:19  SCV  
  28  3:31  SCV  
  29  3:34  SCV, Refinery  
  29  3:40  Siege Tank  
  33  3:42  Starport Reactor  
  33  3:43  SCV  
  33  3:46  Barracks Tech Lab, SCV, Starport  
  35  3:58  SCV  
  35  4:00  Command Center  
  36  4:10  SCV  
  36  4:14  Barracks Reactor  
  37  4:19  Engineering Bay  
  37  4:23  SCV  
  38  4:26  Starport  
  38  4:32  Factory Tech Lab  
  38  4:40  Supply Depot  
  38  4:57  Starport  
  38  5:01  SCV x2, Viking x2  
  38  5:02  Barracks Reactor  
  44  5:08  Starport  
  44  5:13  SCV  
  46  5:15  Orbital Command  
  46  5:19  SCV  
  46  5:26  SCV  
  47  5:31  SCV  
  47  5:32  Armory  
  47  5:34  Armory  
  46  5:38  SCV  
  41  5:43  SCV  
  42  5:50  SCV  
  42  5:55  SCV  
  44  5:58  Missile Turret  
  44  5:59  Missile Turret x2  
  44  6:01  Liberator  
  44  6:02  SCV, Missile Turret  
  48  6:11  Missile Turret  
  48  6:14  Missile Turret  
  48  6:16  SCV  
  48  6:17  SCV  
  50  6:20  Starport Tech Lab  
  50  6:33  Fusion Core  
  50  6:34  Hi-Sec Auto Tracking  
  50  6:35  SCV  
  51  6:40  Viking x2  
  51  6:44  Viking  
  57  6:48  Viking  
  57  6:53  Supply Depot  
  59  6:57  Refinery  
  59  6:58  SCV  
  59  6:59  Refinery  
  59  7:00  SCV  
  61  7:14  Supply Depot  
  61  7:15  SCV x3  
  64  7:20  Terran Vehicle And Ship Armor Level 1  
  64  7:22  Terran Ship Weapons Level 1  
  64  7:23  Weapon Refit  
  64  7:27  SCV x3  
  64  7:40  SCV  
  64  7:42  SCV x2  
  67  7:52  Supply Depot, SCV  
  67  7:54  Supply Depot, SCV x2  
  67  7:55  Supply Depot  
  67  8:04  SCV  
  68  8:06  SCV  
  68  8:08  Orbital Command  
  69  8:16  SCV  
  69  8:18  SCV  
  71  8:24  Supply Depot  
  71  8:26  Supply Depot  
  69  8:27  Supply Depot  
  69  8:28  SCV  
  70  8:41  Battlecruiser x3  
  78  9:06  Supply Depot  
  78  9:26  Starport Tech Lab  
  78  9:27  SCV  
  79  9:44  Cloaking Field  
  79  9:45  Battlecruiser  
  85  9:48  Banshee  
  85  9:49  Banshee x2  
  85  9:51  Liberator x2  
  100  10:03  Supply Depot  
  100  10:06  Supply Depot  
  100  10:15  Command Center, Factory  
  100  10:17  Factory  
  100  10:20  Factory  
  100  10:24  Siege Tank  
  103  10:56  Siege Tank  
  79  11:22  Factory Tech Lab  
Show
View Real Time Build Order
Export as new Build Order

Ekelpack Zerg - Winner!

Build Orders: Hatch First 

Get SALT Encoding   

  12  0:00  Drone  
  13  0:13  Overlord  
  13  0:18  Drone  
  14  0:43  Hatchery  
  14  0:45  Drone  
  14  0:57  Drone  
  15  1:06  Spawning Pool  
  15  1:08  Drone  
  15  1:13  Extractor  
  15  1:14  Drone  
  16  1:18  Drone  
  16  1:22  Drone  
  17  1:33  Drone  
  18  1:45  Drone  
  19  1:53  Queen  
  21  1:55  Drone  
  22  2:03  Queen  
  22  2:06  Drone  
  25  2:10  Drone  
  25  2:13  Drone  
  27  2:18  Overlord  
  27  2:23  Drone  
  28  2:31  Lair  
  28  2:35  Extractor  
  28  2:36  Drone  
  28  2:38  Drone  
  28  2:43  Drone x2  
  31  2:46  Extractor  
  31  2:50  Drone  
  31  2:51  Drone  
  32  3:03  Drone x4  
  32  3:04  Overlord  
  36  3:09  Extractor  
  35  3:13  Drone  
  36  3:26  Overlord  
  36  3:29  Drone  
  36  3:31  Spire  
  36  3:33  Drone x3  
  39  3:40  Overlord  
  39  3:46  Drone x2  
  39  3:47  Drone  
  42  3:58  Drone  
  42  3:59  Drone  
  44  4:05  Queen  
  46  4:11  Overlord  
  46  4:42  Mutalisk x4  
  46  4:43  Mutalisk x6  
  46  4:44  Mutalisk  
  68  4:47  Zerg Flyer Weapons Level 1  
  68  4:51  Overlord  
  68  5:06  Hatchery  
  67  5:14  Infestation Pit  
  66  5:30  Overlord  
  66  5:31  Overlord  
  66  5:54  Evolution Chamber  
  66  5:55  Evolution Chamber  
  64  5:59  Roach Warren, Hive  
  63  6:16  Hydralisk Den  
  63  6:19  Drone x4  
  63  6:20  Drone x6  
  63  6:21  Drone  
  63  6:25  Zerg Missile Weapons Level 1  
  74  6:26  Zerg Ground Armor Level 1  
  74  6:33  Overlord  
  74  6:45  Grooved Spines  
  74  6:50  Hydralisk  
  74  6:51  Hydralisk x6  
  74  6:52  Hydralisk x3  
  94  6:57  Extractor  
  94  6:59  Drone, Extractor  
  93  7:12  Overlord  
  93  7:21  Overlord x2  
  93  7:33  Overlord x2  
  93  7:37  Muscular Augments  
  93  7:42  Drone x5  
  94  7:51  Drone  
  87  8:00  Hydralisk x4  
  87  8:01  Hydralisk x2  
  99  8:14  Drone, Overlord x2  
  99  8:19  Hydralisk x4  
  102  8:20  Hydralisk x3  
  102  8:21  Zerg Missile Weapons Level 2  
  102  8:22  Zerg Ground Armor Level 2  
  114  8:35  Spore Crawler  
  114  8:36  Spore Crawler  
  112  8:42  Drone  
  113  8:56  Mutalisk  
  113  8:57  Hydralisk, Mutalisk  
  113  8:58  Hydralisk x6  
  113  9:00  Hydralisk  
  133  9:17  Ultralisk Cavern  
  132  9:29  Pneumatized Carapace  
  132  9:42  Hydralisk x4  
  132  9:43  Hydralisk x3  
  146  9:57  Hatchery  
  145  10:15  Hydralisk x4  
  145  10:43  Overlord  
  145  10:44  Ultralisk  
  145  10:45  Overlord x2  
Show
View Real Time Build Order
Export as new Build Order

Nyck Terran - Winner!

Build Orders: Reaper Expand 

Get SALT Encoding   

  12  0:00  SCV  
  13  0:12  SCV  
  14  0:17  Supply Depot  
  14  0:25  SCV  
  15  0:38  SCV  
  15  0:41  Barracks  
  16  0:50  SCV  
  17  0:57  Refinery  
  17  0:59  Refinery  
  17  1:03  SCV  
  18  1:18  SCV  
  19  1:41  Reaper  
  19  1:42  Command Center  
  19  1:45  SCV  
  21  1:52  Supply Depot  
  21  2:02  Orbital Command  
  21  2:14  Barracks Reactor  
  21  2:31  Barracks  
  21  2:32  SCV  
  22  2:42  Barracks  
  22  2:45  SCV  
  23  2:57  SCV  
  24  3:01  Orbital Command  
  24  3:09  SCV  
  25  3:21  SCV  
  25  3:28  SCV  
  26  3:35  Barracks Tech Lab, Barracks Reactor  
  26  3:39  SCV  
  26  3:40  SCV, Engineering Bay  
  28  3:43  Engineering Bay  
  28  3:51  SCV, Marine  
  28  3:52  SCV, Marine  
  28  3:53  Factory  
  32  3:59  Marine  
  33  4:03  Combat Shield  
  33  4:05  SCV  
  33  4:06  SCV  
  33  4:08  Terran Infantry Weapons Level 1  
  33  4:09  Marine  
  36  4:14  Marine, Terran Infantry Armor Level 1  
  36  4:15  Marine x2  
  39  4:21  Marine  
  39  4:23  SCV x2  
  42  4:35  SCV x2  
  44  4:38  Refinery  
  44  4:39  Marine  
  44  4:40  Marine  
  44  4:45  Supply Depot, Refinery  
  46  4:52  Starport  
  46  4:58  Factory Reactor  
  46  5:06  Marine x5  
  53  5:07  SCV x2  
  53  5:09  Supply Depot  
  53  5:19  SCV  
  54  5:26  Stimpack  
  54  5:28  Command Center  
  54  5:30  SCV  
  54  5:31  SCV  
  56  5:35  Supply Depot  
  56  5:40  Armory  
  56  5:42  SCV, Marine x4  
  60  5:43  Marine  
  62  5:57  SCV, Medivac x2  
  62  5:59  Marine  
  68  6:09  SCV x2  
  70  6:24  Supply Depot  
  70  6:29  Terran Infantry Weapons Level 2  
  70  6:30  Terran Infantry Armor Level 2  
  70  6:39  Marine x5, Medivac x2  
  81  6:40  SCV x2  
  81  6:41  Orbital Command  
  81  6:47  Supply Depot  
  81  6:57  Marine x3, Barracks  
  81  6:58  Barracks  
  84  7:07  Concussive Shells  
  84  7:09  Supply Depot, SCV x2, Medivac x2  
  84  7:10  SCV  
  84  7:13  Marine x2  
  93  7:17  Refinery  
  93  7:18  Marine  
  93  7:19  Marine, Refinery  
  93  7:20  Marine  
  93  7:21  SCV  
  93  7:22  SCV x2  
  99  7:33  SCV  
  99  7:34  SCV x2, Terran Vehicle And Ship Armor Level 1  
  102  7:40  Medivac x2  
  106  7:45  Barracks  
  106  7:47  SCV x3, Barracks  
  106  7:48  Factory Tech Lab  
  109  7:52  Supply Depot  
  109  7:59  SCV x3  
  109  8:04  Missile Turret  
  112  8:11  SCV x3, Missile Turret  
  115  8:24  Missile Turret  
  115  8:27  Marine  
  115  8:28  Marine  
  115  8:30  Missile Turret  
  115  8:31  Barracks Reactor  
  117  8:34  Barracks Reactor x2  
  106  8:52  SCV x3  
  108  9:04  SCV x3  
  108  9:09  Marine  
  112  9:10  Marine  
  112  9:13  Marine x4  
  112  9:14  Marine  
  112  9:16  SCV x3  
  121  9:23  Supply Depot  
  121  9:24  Supply Depot  
  121  9:33  Marine  
  121  9:34  Marine x3  
  125  9:38  Supply Depot  
  125  9:44  Marine x2, Thor  
  133  9:45  Marine x2  
  133  9:47  Supply Depot  
  133  9:49  Supply Depot  
  133  9:51  Marine  
  136  9:54  Medivac  
  136  9:55  Medivac  
  136  9:56  Marine  
  136  9:58  Command Center  
  141  10:00  Marine x2  
  141  10:02  Marine x2  
  141  10:07  Command Center  
  145  10:10  Supply Depot  
  145  10:13  Supply Depot  
  145  10:27  Thor  
  151  10:34  Supply Depot  
  151  10:36  Supply Depot  
Tags
 
Add a new tag
Caveats
  • Supply blocks, unpowered buildings, or Contaminate may cause inaccurate times.
  • Supply counts are checked every 10 seconds.